 Dungeon Crawl Stone Soup version 0.26-a0-504-g0cf647090d (webtiles) character file.

Game seed: 11964090515890936199

5258 Drachen the Carver (level 10, -1/84 HPs)
             Began as a Naga Fighter on Aug 8, 2020.
             Was a Believer of Ashenzari.
             Slain by an orc warrior
             ... wielding a +1 short sword of draining
              (16 damage)
             ... on level 9 of the Dungeon.
             The game lasted 00:26:50 (11453 turns).

Drachen the Carver (Naga Fighter)                  Turns: 11453, Time: 00:26:51

Health: -1/84      AC:  8    Str: 18 (19) XL:     10   Next: 62%
Magic:  0/10       EV: 15    Int:  7 (8)  God:    Ashenzari [**....]
Gold:   520        SH: 11    Dex: 11 (14) Spells: 9/9 levels left

rFire    . . .     SeeInvis +   C - +0 scimitar (curse)
rCold    . . .     Faith    .   c - +0 kite shield (curse)
rNeg     . . .     Spirit   +   v - +0 ring mail
rPois    +         Reflect  .   A - +0 helmet
rElec    .         Harm     .   k - +0 cloak (curse)
rCorr    .                      (no gloves)
MR       +....                  (no barding)
Stlth    +++.......             m - amulet of guardian spirit
HPRegen  0.24/turn              D - +4 ring of evasion
MPRegen  0.12/turn              B - ring of stealth

@: very slow
A: large, see invisible, deformed body, poison resistance, slowness 2, spit
poison 1, AC +3
a: Spit Poison, Curse Item, Scrying, Renounce Religion


You were on level 9 of the Dungeon.
You worshipped Ashenzari.
Ashenzari was pleased with you.
You visited 1 branch of the dungeon, and saw 9 of its levels.

You collected 520 gold pieces.

Inventory:

Hand Weapons
 C - a cursed +0 scimitar (weapon)
Missiles
 y - 17 poisoned darts (quivered)
Armour
 b - a +0 scale mail
 c - a cursed +0 kite shield (worn)
 k - a cursed +0 cloak (worn)
 v - a +0 ring mail (worn)
 A - a +0 helmet (worn)
Jewellery
 j - an uncursed ring of resist corrosion
 m - an amulet of guardian spirit (around neck)
 B - a ring of stealth (right hand)
 D - a +4 ring of evasion (left hand)
 E - an uncursed amulet of faith
Wands
 d - a wand of acid (2)
 l - a wand of random effects (47)
 r - a wand of digging (5)
 G - a wand of flame (7)
Scrolls
 f - 3 scrolls of teleportation
 o - 8 scrolls of identify {unknown}
 p - 2 scrolls of enchant armour {unknown}
 t - 3 scrolls of fog {unknown}
 w - 3 scrolls of remove curse
 z - a scroll of random uselessness {unknown}
 F - a scroll of amnesia {unknown}
Potions
 a - 2 potions of degeneration
 g - a potion of curing
 h - a potion of ambrosia
 n - a potion of mutation {unknown}
 q - a potion of magic
 s - 2 potions of brilliance {unknown}
 u - a potion of haste


   Skills:
 - Level 3.0 Fighting
 + Level 9.1(11.3) Long Blades
 - Level 2.4 Armour
 + Level 7.2 Dodging
 - Level 4.0 Stealth
 + Level 7.8(9.3) Shields


You had 9 spell levels left.
You didn't know any spells.
Your spell library contained the following spells:

 Spells                   Type           Power        Failure   Level
 Freeze                   Ice            #...         63%         1
 Magic Dart               Conj           #...         63%         1
 Blink                    Tloc           N/A          77%         2
 Call Imp                 Summ           #.......     77%         2
 Slow                     Hex            #.......     77%         2
 Conjure Flame            Conj/Fire      #.......     94%         3
 Frozen Ramparts          Ice            #.....       94%         3
 Mephitic Cloud           Conj/Pois/Air  #.......     94%         3
 Ozocubu's Armour         Ice            #.......     94%         3
 Hailstorm                Conj/Ice       #.......     100%        4
 Summon Ice Beast         Ice/Summ       #.......     100%        4


Dungeon Overview and Level Annotations

Branches:
Dungeon (9/15)             Temple (0/1) D:5            Lair (0/6) D:8
    Orc (0/2) D:9

Altars:
Ashenzari
Elyvilon
Gozag
Beogh

Annotations:
D:6 3 runed translucent doors, Murumi's ghost, novice FoFi


Innate Abilities, Weirdness & Mutations

You cannot wear boots.
Your serpentine skin is tough. (AC +3)
You have supernaturally acute eyesight. (SInv)
Armour fits poorly on your strangely shaped body.
Your system is resistant to poisons. (rPois)
You cover ground very slowly.
You can spit poison.


Message History

You slash the orc priest!
The orc priest is severely wounded.
You have got your breath back.
The orc priest hits you with a +0 club. The orc hits you but does no damage.
You slash the orc priest!
You kill the orc priest!
You feel your intelligence returning.
The orc warrior hits you with a +0 battleaxe!
You block the orc priest's attack.
You slash the orc priest!
You kill the orc priest!
You block the orc's attack. You block the orc warrior's attack.
The orc warrior hits you with a +0 battleaxe!!
* * * LOW HITPOINT WARNING * * *
You block the orc's attack.
The orc warrior hits you with a +0 battleaxe!
* * * LOW HITPOINT WARNING * * *
You feel better.
The orc warrior hits you with a +1 short sword of draining!
You die...

, , #.#...# ,........#
###.##### .........#
#........ , .........#
#.#.####.
,.........########.#.#..#.
,
...............##.#.#..#.
* ..............##.#.#....
..............##.#....#. ,
* ##.o@o.....##'#####.. *
#8)o.##.............. * *
, ,#).o.##..............
.._..'.)>.##..............
,,
....?#....##..............
*.?..
#8...##)............. ###
*##.####.............. *
#.. ................ ###
##.............,


You could see 2 orc warriors and 2 orcs.

Vanquished Creatures
  2 two-headed ogres
  A troll (D:9)
  2 hippogriffs
  3 ice beasts
  A porcupine (D:8)
  An orc warrior (D:8)
  2 phantoms
  A sky beast (D:8)
  3 ogres
  4 centaurs
  A bullfrog (D:7)
  2 scorpions
  4 killer bees
  8 wights
  2 howler monkeys (D:7)
  A bullfrog zombie (D:7)
  A quasit (D:8)
  A centaur zombie (D:9)
  2 jellies
  12 orc priests
  3 bullfrog skeletons
  Crazy Yiuf (D:2)
  2 hounds
  Jessica (D:2)
  3 iguanas
  6 orc wizards
  2 hell rats (D:8)
  Ijyb (D:4)
  3 worker ants
  A howler monkey skeleton (D:5)
  A river rat (D:8)
  7 adders
  3 white imps
  An ufetubus (D:8)
  An ooze (D:2)
  An adder zombie (D:8)
  An adder skeleton (D:8)
  2 worms (D:2)
  3 dart slugs
  10 leopard geckos
  26 orcs
  3 ball pythons
  5 bats
  8 giant cockroaches
  12 goblins
  9 hobgoblins
  10 jackals
  8 kobolds
  3 quokkas (D:8)
  2 frilled lizards
  A leopard gecko skeleton (D:4)
  2 quokka skeletons
  A quokka zombie (D:8)
  8 rats
205 creatures vanquished.

Vanquished Creatures (others)
  A bush (D:9)
1 creature vanquished.

Grand Total: 206 creatures vanquished

Notes
Turn   | Place    | Note
-------+----------+-------------------------------------------
     0 | D:1      | Drachen the Naga Fighter began the quest for the Orb.
     0 | D:1      | Reached XP level 1. HP: 21/21 MP: 1/1
   231 | D:1      | Reached XP level 2. HP: 21/28 MP: 2/2
   731 | D:1      | Reached skill level 1 in Dodging
   757 | D:1      | Reached XP level 3. HP: 30/34 MP: 3/3
  1210 | D:2      | Noticed Jessica
  1214 | D:2      | Killed Jessica
  1214 | D:2      | Reached XP level 4. HP: 42/42 MP: 4/4
  1225 | D:2      | Reached skill level 3 in Long Blades
  1751 | D:2      | Found a shattered altar of Ashenzari.
  1893 | D:2      | Became a worshipper of Ashenzari the Shackled
  1984 | D:2      | Found a runed translucent door.
  1985 | D:2      | Noticed Crazy Yiuf
  2080 | D:2      | Killed Crazy Yiuf
  2080 | D:2      | Reached XP level 5. HP: 31/49 MP: 5/5
  2616 | D:3      | Found a faded altar of an unknown god.
  3197 | D:4      | Noticed Ijyb
  3212 | D:4      | Killed Ijyb
  3212 | D:4      | Reached XP level 6. HP: 53/56 MP: 6/6
  3315 | D:4      | Reached skill level 4 in Long Blades
  3885 | D:4      | Found a white marble altar of Elyvilon.
  4040 | D:4      | Reached * piety under Ashenzari
  4334 | D:4      | Reached XP level 7. HP: 14/62 MP: 2/7
  4656 | D:5      | Entered Level 5 of the Dungeon
  4911 | D:5      | Reached skill level 5 in Long Blades
  5122 | D:5      | Reached XP level 8. HP: 28/69 MP: 3/8
  5473 | D:5      | Found a staircase to the Ecumenical Temple.
  5701 | D:5      | Reached skill level 5 in Shields
  6022 | D:5      | Reached skill level 1 in Stealth
  6324 | D:6      | Reached skill level 6 in Long Blades
  6364 | D:6      | Found a runed translucent gate.
  6364 | D:6      | Found a runed translucent gate.
  6364 | D:6      | Found a runed translucent gate.
  6369 | D:6      | Found an opulent altar of Gozag.
  6658 | D:6      | Noticed Murumi's ghost (novice FoFi)
  7403 | D:6      | Reached skill level 5 in Dodging
  7403 | D:6      | Reached XP level 9. HP: 39/75 MP: 4/9
  7947 | D:7      | Reached skill level 7 in Long Blades
  8289 | D:7      | Reached ** piety under Ashenzari
  8325 | D:8      | Noticed a death yak
  8326 | D:8      | Noticed a death yak
  8372 | D:8      | Found a staircase to the Lair.
  8372 | D:8      | Noticed a death yak
  8548 | D:8      | Noticed a two-headed ogre
  8590 | D:8      | Killed a two-headed ogre
  8605 | D:8      | Reached skill level 8 in Long Blades
  8897 | D:8      | Reached XP level 10. HP: 66/84 MP: 7/10
 11215 | D:9      | Noticed a two-headed ogre
 11231 | D:9      | Killed a two-headed ogre
 11231 | D:9      | Reached skill level 9 in Long Blades
 11435 | D:9      | Found a staircase to the Orcish Mines.
 11436 | D:9      | Found a roughly hewn altar of Beogh.
 11453 | D:9      | Slain by an orc warrior

Illustrated notes

Levels and vault maps discovered:
D:1:      elethiomel_arrival_maze, layout_basic, chequers_decorated_corner
D:2:      layout_basic, ashenzari_altar_1, uniq_crazy_yiuf_cottage, uniq_jessica
D:3:      layout_loops_ring, chequers_ecumenical_altar_island
D:4:      kennysheep_the_goblin_king, layout_cave_pods, kennysheep_mini_moat
D:5:      layout_loops_cross, minmay_temple_entry_proselytizer
D:6:      layout_cave_pools, ebering_ghost_gozag
D:7:      layout_loops_ring
D:8:      layout_gridville, dpeg_lair_monsters
D:9:      layout_basic, minmay_orc_entry_temple_small, kb_lookout_dungeons_type,
          minmay_misc_feat_tower

Skill      XL: |  1  2  3  4  5  6  7  8  9 10 |
---------------+-------------------------------+-----
Dodging        | 1 2 3 5 6 7 |  7.2
Shields        | 3 4 5 6 7 |  7.8
Long Blades    | 3 4 5 6 8 9 |  9.1
Stealth        | 4 |  4.0
Fighting       | |  3.0
Armour         | |  2.4

Action                   |  1- 3 |  4- 6 |  7- 9 | 10-12 || total
-------------------------+-------+-------+-------+-------++-------
Melee: Long sword        |    75 |   268 |    80 |       ||   423
       Scimitar          |       |       |   251 |   222 ||   473
Throw: Dart              |       |       |     3 |     9 ||    12
Invok: Curse Item        |       |     3 |       |       ||     3
 Abil: Spit Poison       |       |     5 |    18 |     8 ||    31
  Use: Potion            |       |     2 |     2 |     8 ||    12
       Scroll            |       |       |     1 |     3 ||     4
 Stab: Sleeping          |       |       |     5 |     3 ||     8
       Distracted        |       |       |       |     3 ||     3
Armor: Scale mail        |    27 |    98 |       |       ||   125
       Ring mail         |       |    31 |    61 |    49 ||   141
Dodge: Dodged            |    18 |   104 |   145 |   112 ||   379
Block: Kite shield       |    35 |   168 |   141 |   136 ||   480
       Rpst.: Long sword |    10 |    35 |    11 |       ||    56
       Scimitar          |       |       |    20 |    31 ||    51

Table legend: (Time is in decaauts)
 A = Elapsed time spent in this place.
 B = Non-inter-level travel time spent in this place.
 C = Inter-level travel time spent in this place.
 D = Time resting spent in this place.
 E = Time spent auto-exploring this place.
 F = Levels seen in this place.
 G = Mean time per level.
                   A        B        C        D        E       F      G
               +--------+--------+--------+--------+--------+-----+--------+
         Total |  13551 |  13113 |    438 |   3092 |   7496 |   9 | 1505.7 |
       Dungeon |  13551 |  13113 |    438 |   3092 |   7496 |   9 | 1505.7 |
               +--------+--------+--------+--------+--------+-----+--------+

Top non-repeatable levels by time:
     D:8: 2517 daAuts
     D:6: 1910 daAuts
     D:4: 1869 daAuts
     D:5: 1630 daAuts
     D:2: 1472 daAuts
     D:1: 1333 daAuts
     D:7: 1205 daAuts
     D:3: 1023 daAuts
     D:9: 588 daAuts
